 Dungeon Crawl Stone Soup version 0.21-a0-516-gaaff437 (webtiles) character file.

18206 4thArraOfDagon the Severer (level 12, 0/91 HPs)
             Began as a Minotaur Abyssal Knight on Dec 3, 2017.
             Was a Priest of Lugonu.
             Slain by an alligator (16 damage)
             ... on level 15 of the Dungeon.
             The game lasted 00:26:48 (5461 turns).

4thArraOfDagon the Severer (MiAK)                   Turns: 5461, Time: 00:26:49

Health: 0/91       AC: 17    Str: 13    XL:     12   Next: 25%
Magic:  18/18      EV: 10    Int: 15    God:    Lugonu [***...]
Gold:   382        SH:  0    Dex: 13    Spells: 11/11 levels left

rFire    + + .     SeeInvis .   y - +3 battleaxe
rCold    x . .     Gourm    +   (shield currently unavailable)
rNeg     . . .     Faith    .   o - +0 fire dragon scales
rPois    +         Spirit   .   (helmet restricted)
rElec    .         Reflect  .   (no cloak)
rCorr    .         Harm     .   (no gloves)
MR       +....                  (no boots)
Stlth    ..........             r - amulet of the gourmand
HPRegen  0.25/turn              N - ring "Xomadd" {+Blink +Inv rPois MR+ Str-4 Int+2}
MPRegen  0.16/turn              e - +5 ring of protection

@: no status effects
A: retaliatory headbutt, horns 2, talons 1, thin skeletal structure 1, sturdy
frame 1
a: Depart the Abyss, Bend Space, Banish, Renounce Religion, Evoke Blink, Evoke
Invisibility


You were on level 15 of the Dungeon.
You worshipped Lugonu.
Lugonu was most pleased with you.
You were not hungry.

You visited 1 branch of the dungeon, and saw 15 of its levels.
You visited the Abyss 1 time.
You also visited: Labyrinth.

You collected 600 gold pieces.
You spent 218 gold pieces at shops.

Inventory:

Hand Weapons
 a - a +1 hand axe
 k - the +5 rapier "Cyanutuh" {freeze, Stlth+, unknown}
   (You found it on level 6 of the Dungeon)

   It has been specially enchanted to freeze those struck by it, causing extra
   injury to most foes and up to half again as much damage against particularly
   susceptible opponents.
   It can also slow down cold-blooded creatures.
   It makes you more stealthy.
 l - a +0 war axe
 n - a +1 battleaxe of chopping
 s - a +0 war axe
 y - a +3 battleaxe (weapon)
Missiles
 G - 2 poisoned javelins (quivered)
Armour
 b - a +0 leather armour
 d - a +0 chain mail
 j - the cursed +0 helmet "Ciqunyab" {rF+ rN++ rCorr Int-3}
   (You took it off Robin on level 4 of the Dungeon)

   It affects your intelligence (-3).
   It protects you from fire.
   It greatly protects you from negative energy.
   It protects you from acid and corrosion.
   It has a curse placed upon it.
 o - +0 fire dragon scales (worn)
Jewellery
 e - a +5 ring of protection (right hand)
 h - an uncursed ring of protection from magic
 i - a +4 ring of strength
 q - an uncursed ring of protection from fire
 r - an amulet of the gourmand (around neck)
 w - a +4 amulet of reflection
 A - an uncursed ring of positive energy
 J - an uncursed ring of loudness
 K - an uncursed amulet of rage
 N - the ring "Xomadd" (left hand) {+Blink +Inv rPois MR+ Str-4 Int+2}
   (You found it in a labyrinth)

   [ring of poison resistance]

   It affects your strength (-4).
   It affects your intelligence (+2).
   It protects you from poison.
   It affects your resistance to hostile enchantments.
   It lets you turn invisible.
   It lets you blink.
Wands
 H - a wand of disintegration (14)
 O - a wand of digging (18)
 P - a wand of flame (29)
Scrolls
 g - 3 scrolls of remove curse
 m - a scroll of amnesia {unknown}
 p - 2 scrolls of magic mapping
 t - 2 scrolls of teleportation
 u - 3 scrolls of fear {unknown}
 v - 2 scrolls of enchant weapon
 x - a scroll of blinking
 C - 3 scrolls of enchant armour
 D - a scroll of immolation
 I - a scroll of summoning {unknown}
 M - a scroll of random uselessness {unknown}
Potions
 z - a potion of haste
 B - a potion of mutation
 E - a potion of resistance
 F - a potion of flight
Miscellaneous
 L - a phantom mirror
 Q - a lightning rod (1/4)
Comestibles
 c - 3 bread rations
 f - 5 meat rations


   Skills:
 - Level 4.0 Fighting
 * Level 15.7 Axes
 + Level 11.7 Armour
 - Level 2.1 Dodging
 + Level 10.0 Invocations
 * Level 4.6 Evocations


You had 11 spell levels left.
You didn't know any spells.

Dungeon Overview and Level Annotations

Branches:
Dungeon (15/15)            Temple (0/1) D:6
   Lair: D:8-11         Orc: D:9-12      Vaults: D:13-14     Depths: D:15

Altars:
Ashenzari
Elyvilon
Hepliaklqana
Kikubaaqudgha
Nemelex Xobeh
Vehumet
Yredelemnul

Shops:
D:5 *   D:6 ?


Innate Abilities, Weirdness & Mutations

You reflexively headbutt those who attack you in melee.
You have a pair of horns on your head.
You have sharp toenails.
You have a somewhat thin skeletal structure. (Dex +2, Stealth)
Your movements are slightly less encumbered by armour. (ER -2)


Message History

The alligator tail-slaps you but does no damage.
Unknown command.
You hit the alligator.
The alligator is heavily wounded.
You slash the leopard gecko!
You kill the leopard gecko!
Lugonu accepts your kill. The alligator bites you!
* * * LOW HITPOINT WARNING * * *
The alligator tail-slaps you but does no damage.
You slash the alligator! Your kick misses the alligator.
Your headbutt misses the alligator.
The alligator is heavily wounded.
The alligator barely misses you. The alligator tail-slaps you!
* * * LOW HITPOINT WARNING * * *
Unknown command.
You closely miss the alligator. You headbutt the alligator.
The alligator is severely wounded.
The alligator puts on a burst of speed!
The alligator bites you!
You die...

#.#..# #.#..#
#.#..###.####
#............
#.###..########
#......#
#####..# ##.#
#@# #†t# ...##
#.#! #[## #


You could see an alligator.

Vanquished Creatures
  A fire dragon (D:14)
  2 two-headed ogres
  A centaur warrior (D:14)
  2 wizards
  An unseen horror (D:15)
  2 cyclopes
  Joseph (D:7)
  2 gargoyles (D:13)
  A komodo dragon (D:15)
  A tengu conjurer (D:15)
  A troll (D:13)
  3 hippogriffs
  2 wraiths
  8 vampire mosquitoes
  A basilisk (D:14)
  A hungry ghost (D:12)
  An acid dragon (D:14)
  A water moccasin (D:10)
  4 ice beasts
  2 black bears
  6 orc warriors
  3 ogres
  2 phantoms
  2 crocodiles
  9 centaurs
  3 big kobolds
  7 bullfrogs
  3 wyvern zombies
  A gnoll sergeant (D:10)
  3 scorpions
  2 wyvern skeletons
  9 killer bees
  10 wights
  2 crimson imps
  3 howler monkeys (D:10)
  A bullfrog zombie (D:5)
  4 hounds
  2 jellies
  4 orc priests
  4 orc wizards
  2 bullfrog skeletons
  5 iguanas
  7 worker ants
  A hound zombie (D:5)
  A hound skeleton (D:7)
  A howler monkey zombie (D:9)
  2 worker ant zombies
  Robin (D:4)
  7 gnolls
  6 adders
  A shadow imp (D:7)
  An ooze (D:3)
  An adder skeleton (D:6)
  A worm (D:2)
  2 dart slugs
  7 leopard geckos
  43 orcs
  A ball python (D:7)
  2 giant cockroaches
  13 goblins
  5 hobgoblins
  11 kobolds
  4 quokkas
  6 bats
  3 frilled lizards
  7 rats
259 creatures vanquished.

Vanquished Creatures (others)
  A minotaur (Lab)
  3 two-headed ogres
  The ghost of 4thArraOfDagon the Cleaver, a novice MiAK of Lugonu (D:9)
  An unseen horror (D:10)
  The ghost of Sergey the Sneak, a novice OpAM of Fedhas (D:7)
  An ugly thing (D:13)
  An orc knight (D:10)
  2 manticores (D:13)
  A tengu conjurer (D:15)
  A troll (D:9)
  A porcupine (D:8)
  2 orc warriors
  2 lava snakes (D:10)
  An orc wizard (D:9)
  3 fungi (D:8)
22 creatures vanquished.

Grand Total: 281 creatures vanquished

Notes
Turn   | Place    | Note
-------+----------+-------------------------------------------
     0 | Abyss:1  | 4thArraOfDagon the Minotaur Abyssal Knight began the quest for the Orb.
     0 | Abyss:1  | Reached XP level 1. HP: 19/19 MP: 1/1
     0 | Abyss:1  | Found a corrupted altar of Lugonu.
    48 | Abyss:1  | Noticed a neqoxec
    69 | D:1      | Escaped the Abyss
   257 | D:1      | Reached XP level 2. HP: 20/27 MP: 2/2
   312 | D:2      | Reached * piety under Lugonu
   426 | D:2      | Reached skill level 3 in Axes
   529 | D:3      | Reached XP level 3. HP: 29/33 MP: 3/3
   553 | D:3      | Found a radiant altar of Vehumet.
   712 | D:4      | Found an ancient bone altar of Kikubaaqudgha.
   714 | D:4      | Found a basalt altar of Yredelemnul.
   736 | D:5      | Entered Level 5 of the Dungeon
   784 | D:5      | Reached XP level 4. HP: 28/40 MP: 4/4
   901 | D:5      | Found Etsit's Assorted Antiques.
   908 | D:5      | Bought a scroll labeled HOBOLUGRYT for 25 gold pieces
   908 | D:5      | Bought a scroll labeled CAMIEBI UTETH for 25 gold pieces
   908 | D:5      | Bought a scroll labeled WENINEQ RIONT for 25 gold pieces
   908 | D:5      | Bought a scroll labeled HOBOLUGRYT for 25 gold pieces
   908 | D:5      | Bought a scroll labeled HOBOLUGRYT for 25 gold pieces
   916 | D:6      | Found Lottuy's Magic Scroll Emporium.
   939 | D:6      | Reached skill level 4 in Axes
  1023 | D:6      | Reached XP level 5. HP: 36/46 MP: 4/6
  1027 | D:6      | Reached ** piety under Lugonu
  1108 | D:6      | Found a staircase to the Ecumenical Temple.
  1124 | D:6      | Reached skill level 5 in Axes
  1161 | D:5      | Reached XP level 6. HP: 46/52 MP: 7/7
  1254 | D:5      | Gained mutation: You have a somewhat thin skeletal structure. (Dex +2, Stealth) [potion of mutation]
  1254 | D:5      | Gained mutation: Your movements are slightly less encumbered by armour. (ER -2) [potion of mutation]
  1254 | D:5      | Gained mutation: You have sharp toenails. [potion of mutation]
  1255 | D:5      | HP: 2/52 [centaur (3)]
  1264 | D:5      | Reached skill level 6 in Axes
  1373 | D:5      | Reached XP level 7. HP: 19/59 MP: 8/8
  1404 | D:4      | Noticed Robin
  1424 | D:4      | Killed Robin
  1438 | D:4      | Got a polished helmet
  1456 | D:4      | Found a white marble altar of Elyvilon.
  1459 | D:4      | Found a hazy altar of Hepliaklqana.
  1498 | D:4      | Found a shattered altar of Ashenzari.
  1653 | D:5      | Reached *** piety under Lugonu
  1653 | D:5      | Reached skill level 5 in Armour
  1698 | D:6      | Got a translucent rapier
  1729 | D:6      | Reached skill level 7 in Axes
  1757 | D:6      | jacquesderrida: Da
  1758 | D:6      | ReniFell: da
  1771 | D:6      | Bought a scroll of teleportation for 33 gold pieces
  1771 | D:6      | Bought a scroll of identify for 22 gold pieces
  1771 | D:6      | Bought a scroll of magic mapping for 38 gold pieces
  1771 | D:6      | Identified the cursed +0 helmet "Ciqunyab" {rF+ rN++ rCorr Int-3} (You took it off Robin on level 4 of the Dungeon)
  1772 | D:6      | p0werm0de: ;D
  1772 | D:6      | p0werm0de: nice helm
  1824 | D:7      | Noticed Sergey's ghost (novice OpAM)
  1826 | D:7      | Banished Sergey's ghost
  1826 | D:7      | Reached skill level 8 in Axes
  1826 | D:7      | Reached XP level 8. HP: 66/66 MP: 10/10
  1836 | D:7      | jacquesderrida: ty
  1840 | D:7      | Reached skill level 5 in Invocations
  1858 | D:7      | ReniFell: i really appreciate that
  1868 | D:7      | Noticed Joseph
  1874 | D:7      | jacquesderrida: $100%
  1879 | D:7      | Killed Joseph
  1879 | D:7      | Reached skill level 9 in Axes
  2088 | D:7      | Reached skill level 10 in Axes
  2088 | D:7      | Reached XP level 9. HP: 12/71 MP: 12/12
  2272 | D:8      | Noticed a two-headed ogre
  2335 | D:8      | Noticed a two-headed ogre
  2340 | D:8      | Banished a two-headed ogre
  2373 | D:8      | Reached skill level 11 in Axes
  2551 | D:9      | Noticed a troll
  2603 | D:9      | Banished a troll
  2747 | D:9      | Noticed 4thArraOfDagon's ghost (novice MiAK)
  2748 | D:9      | Banished 4thArraOfDagon's ghost
  2748 | D:9      | Reached skill level 12 in Axes
  2748 | D:9      | Reached XP level 10. HP: 73/78 MP: 9/14
  2823 | D:10     | Entered Level 10 of the Dungeon
  2878 | D:10     | Noticed an orc knight
  2890 | D:10     | Banished an orc knight
  3175 | D:10     | Banished an unseen horror
  3386 | D:10     | Reached skill level 13 in Axes
  3539 | D:11     | tidbits: !hs * miak
  3546 | D:11     | beem: 11057. glosham the Swordmaster (L27 MiAK of The Shining One), escaped with the Orb and 15 runes on 2016-07-17 22:58:54, with 19902674 points after 76588 turns and 1d+4:01:48.
  3549 | D:11     | Noticed a two-headed ogre
  3553 | D:11     | Banished a two-headed ogre
  3580 | D:11     | Reached skill level 10 in Armour
  3620 | D:11     | Noticed a two-headed ogre
  3622 | D:11     | arkorax: 1 day....
  3628 | D:11     | Killed a two-headed ogre
  3658 | D:11     | Noticed a gargoyle
  3701 | D:12     | tidbits: faster than me usually
  3705 | D:12     | arkorax: ?!?!?!?!??!!
  3763 | D:12     | arkorax: !hs tidbits
  3763 | D:12     | beem: 1332. tidbits the Conqueror (L27 FeSu of Okawaru), escaped with the Orb and 15 runes on 2017-07-12 22:03:31, with 26089945 points after 57181 turns and 15:07:09.
  3801 | D:12     | arkorax: 15h
  3841 | D:12     | arkorax: ur good fam
  3860 | D:13     | Noticed a manticore
  3861 | D:13     | Banished a manticore
  3861 | D:13     | Reached XP level 11. HP: 81/84 MP: 16/16
  3898 | D:13     | tidbits: haha
  3909 | D:13     | Reached skill level 14 in Axes
  4118 | D:12     | Noticed a purple ugly thing
  4119 | D:12     | Noticed a cyan ugly thing
  4123 | D:12     | Noticed a yaktaur captain
  4127 | D:12     | arkorax: what does oka even gift?
  4187 | D:13     | Noticed a green ugly thing
  4191 | D:13     | tidbits: if you're lucky, your end game weapon in lair
  4192 | D:13     | Banished a green ugly thing
  4239 | D:13     | tidbits: but mostly heroism and finesse
  4284 | D:13     | Noticed a purple ugly thing
  4307 | D:14     | tidbits: heroism is pretty good as a tm
  4335 | D:14     | Found a labyrinth entrance.
  4344 | Lab      | arkorax: hmm true
  4344 | Lab      | tidbits: uc+5 helps to put you ahead in the power curve
  4344 | Lab      | Entered a labyrinth
  4456 | Lab      | Noticed a minotaur
  4457 | Lab      | Banished a minotaur
  4478 | Lab      | Got a faintly glowing brass ring
  4482 | Lab      | Identified the ring "Xomadd" {+Blink +Inv rPois MR+ Str-4 Int+2} (You found it in a labyrinth)
  4493 | D:15     | Entered Level 15 of the Dungeon
  4531 | D:15     | Killed an unseen horror
  4531 | D:15     | Reached skill level 1 in Evocations
  4534 | D:15     | tidbits: uc+5 stealth+5 gives you ohko stabs early
  4642 | D:15     | Noticed a wizard
  4665 | D:15     | Paralysed by a wizard for 3 turns
  4668 | D:15     | tidbits: as a cat that is
  4668 | D:15     | Killed a wizard
  4668 | D:15     | Reached skill level 15 in Axes
  4776 | D:14     | jacquesderrida: Unarmed with finesse is 0.2-0.3
  4820 | D:14     | Noticed a wizard
  4821 | D:14     | jacquesderrida: 4 swings with a 27 base damage weapon a turn
  4821 | D:14     | tidbits: eventually yes
  4822 | D:14     | jacquesderrida: smh
  4828 | D:14     | Killed a wizard
  4865 | D:14     | Noticed a fire dragon
  4882 | D:14     | tidbits: uc finesse later is like haste wand that never runs out
  4923 | D:14     | Killed a fire dragon
  4928 | D:14     | Noticed a wizard
  4932 | D:14     | Banished a wizard
  4932 | D:14     | Reached XP level 12. HP: 12/91 MP: 18/18
  5012 | D:14     | Noticed a centaur warrior
  5021 | D:14     | Killed a centaur warrior
  5056 | D:14     | Noticed a two-headed ogre
  5056 | D:14     | Banished a two-headed ogre
  5234 | D:14     | Noticed a two-headed ogre
  5237 | D:14     | Killed a two-headed ogre
  5237 | D:14     | Reached skill level 10 in Invocations
  5280 | D:14     | Found a sparkling altar of Nemelex Xobeh.
  5450 | D:15     | Noticed an alligator
  5461 | D:15     | Slain by an alligator

Vault maps used:
D:1:      elethiomel_arrival_maze
D:2:      chequers_temple_overflow_minitemple, grunt_ministairs_11
D:3:      vehumet_crystals, minmay_misc_feat_tiny
D:4:      nicolae_overflow_hidden_temple, nicolae_overflow_crystal_walls,
          uniq_robin
D:5:      serial_shops, shop, first_bread
D:6:      minmay_temple_entry_crystal_x, serial_shops, shop_statue
D:7:      uniq_joseph
D:8:      due_lair_maze_entry_diamond, serial_shops, shop
D:9:      the_bakery, minmay_door_square
D:10:     david_orc_5, hangedman_abyss_or_decor_slice, kennysheep_diamond
D:11:     eino_jars
D:12:     grunt_potential
D:13:     basic_altar
D:14:     kennysheep_room_grid, david_vaults_4, serial_aquarium,
          aquarium_bridge_square, aquarium_bridge_square,
          aquarium_window_corridor_1, aquarium_window_1, aquarium_view_2e,
          aquarium_view_2b, aquarium_balcony_1b, lab_entry_generic,
          minmay_misc_feat_doors, nemelex_xobeh_ov_fountains_minmay
D:15:     grunt_enter_depths_snipers, hangedman_parallel_progression
Lab:      labyrinth_hidden_loot, nicolae_lab_lava, nicolae_lab_arrow,
          nicolae_lab_hexagon

Skill      XL: |  1  2  3  4  5  6  7  8  9 10 11 12 |
---------------+-------------------------------------+-----
Invocations    | 2 3 4 6 7 8 9 10 | 10.0
Axes           | 3 4 5 6 8 10 12 13 15 | 15.7
Armour         | 3 4 6 7 9 10 11 | 11.7
Fighting       | 4 |  4.0
Dodging        | 2 |  2.1
Evocations     | 3 4 |  4.6

Action                   |  1- 3 |  4- 6 |  7- 9 | 10-12 || total
-------------------------+-------+-------+-------+-------++-------
Melee: Hand axe          |    62 |       |       |       ||    62
       Headbutt          |     7 |     8 |    27 |    60 ||   102
       War axe           |    27 |    87 |    37 |       ||   151
       Kick              |       |     3 |    37 |    84 ||   124
       Battleaxe         |       |       |    98 |   380 ||   478
Throw: Javelin           |       |       |       |     3 ||     3
Invok: Depart the Abyss  |     1 |       |       |       ||     1
       Banish            |       |       |     6 |    22 ||    28
 Abil: Evoke Berserk Rag |       |       |       |     2 ||     2
Evoke: Wand              |       |     3 |    13 |       ||    16
       Lightning rod     |       |       |       |     5 ||     5
  Use: Potion            |       |     5 |       |     7 ||    12
       Scroll            |       |     2 |     6 |     6 ||    14
 Stab: Paralysed         |       |     5 |    19 |       ||    24
  Eat: Fruit             |     4 |       |       |       ||     4
       Bread ration      |       |       |     1 |     4 ||     5
       Chunk             |       |       |       |     9 ||     9
Armor: Chain mail        |    51 |       |       |       ||    51
       Fire dragon scale |    10 |    45 |    67 |   205 ||   327
       Skin              |       |    11 |       |    53 ||    64
Dodge: Dodged            |    39 |    34 |    75 |   154 ||   302
Block: Other             |       |       |       |    41 ||    41

Table legend:
 A = Spawn XP
 B = Non-spawn XP
 C = Spawn XP percentage of total XP
 D = Spawn monster count
 E = Non-spawn monster count
 F = Spawn count percentage of total count
 G = Total turns spent on level
                    A         B        C        D         E        F      G
               +---------+---------+-------+---------+---------+-------+---------
         Total |       0 |   26009 |   0.0 |       0 |     279 |   0.0 |  5461
               +---------+---------+-------+---------+---------+-------+---------
           D:1 |       0 |      13 |   0.0 |       0 |       7 |   0.0 |   239
           D:2 |       0 |      19 |   0.0 |       0 |      11 |   0.0 |   192
           D:3 |       0 |      45 |   0.0 |       0 |      15 |   0.0 |   113
           D:4 |       0 |      55 |   0.0 |       0 |      15 |   0.0 |   322
           D:5 |       0 |     597 |   0.0 |       0 |      27 |   0.0 |   522
           D:6 |       0 |     501 |   0.0 |       0 |      12 |   0.0 |   367
           D:7 |       0 |    1695 |   0.0 |       0 |      22 |   0.0 |   470
           D:8 |       0 |     947 |   0.0 |       0 |       7 |   0.0 |    63
           D:9 |       0 |    2164 |   0.0 |       0 |      24 |   0.0 |   488
          D:10 |       0 |    2253 |   0.0 |       0 |      36 |   0.0 |   616
          D:11 |       0 |    2187 |   0.0 |       0 |      17 |   0.0 |   233
          D:12 |       0 |     878 |   0.0 |       0 |       7 |   0.0 |   213
          D:13 |       0 |    3783 |   0.0 |       0 |      24 |   0.0 |   399
          D:14 |       0 |    7612 |   0.0 |       0 |      30 |   0.0 |   676
          D:15 |       0 |    2694 |   0.0 |       0 |      24 |   0.0 |   339
           Lab |       0 |     566 |   0.0 |       0 |       1 |   0.0 |   140
               +---------+---------+-------+---------+---------+-------+---------
